 Dungeon Crawl Stone Soup version 0.18.1-47-g9310371 (console) character file.

1987 Kloppie the Spear-Bearer (level 9, -15/81 HPs)
             Began as a Minotaur Berserker on June 15, 2016.
             Was a Priest of Trog.
             Demolished by a gnoll
             ... wielding a +2 halberd of electrocution
              (20 damage)
             ... in a bailey.
             The game lasted 00:09:02 (4639 turns).

Kloppie the Spear-Bearer (Minotaur Berserker)       Turns: 4639, Time: 00:09:03

Health: -15/81     AC: 17    Str: 22    XL:     9   Next: 1%
Magic:  8/8        EV:  7    Int:  4    God:    Trog [***...]
Gold:   332        SH:  0    Dex: 13    Spells: 0 memorised, 8 levels left

rFire  . . .     SeeInvis .     a - +3 spear (venom)
rCold  . . .     Gourm    .     e - +0 plate armour
rNeg   . . .     Faith    .     (no shield)
rPois  .         Spirit   .     (helmet restricted)
rElec  .         Dismiss  .     (no cloak)
rCorr  .         Reflect  .     b - +1 pair of gloves
SustAt .         Harm     .     o - +0 pair of boots
MR     .....                    (no amulet)
Stlth  ..........               (no ring)
                                (no ring)

@: exhausted, slowed, very slow, not resistant to hostile enchantments,
extremely unstealthy
A: retaliatory headbutt, horns 2, icy blue scales 1, mutation resistance 1
a: Berserk, Trog's Hand, Burn Spellbooks, Renounce Religion


You were in a bailey.
You worshipped Trog.
Trog was most pleased with you.
You were hungry.

You visited 1 branch of the dungeon, and saw 7 of its levels.
You also visited: Bailey.

You collected 444 gold pieces.
You spent 112 gold pieces at shops.

Inventory:

Hand Weapons
 a - a +3 spear of venom (weapon)
 h - a +0 spear
 E - a +0 halberd of electrocution
Armour
 b - a +1 pair of gloves (worn)
 e - a +0 plate armour (worn)
 o - a +0 pair of boots (worn)
Jewellery
 d - an uncursed ring of ice
Wands
 m - a wand of digging (18/24)
 y - a wand of polymorph (15/24)
Scrolls
 g - a scroll of immolation
 j - a scroll of enchant armour
 k - 2 scrolls of magic mapping
 r - a scroll of recharging
 s - a scroll of teleportation
Potions
 i - a potion of might
 l - 2 potions of lignification
 n - a potion of brilliance
 p - 4 potions of curing
 t - a potion of mutation
 u - 2 potions of flight
 v - a potion of agility {unknown}
 w - 2 potions of degeneration
 A - a potion of magic {unknown}
 B - a potion of haste {unknown}
 C - a potion of invisibility {unknown}
 G - a potion of ambrosia {unknown}
Books
 x - a book of Flames

   Spells                             Type                      Level
   a - Flame Tongue                   Conjuration/Fire             1
   b - Throw Flame                    Conjuration/Fire             2
   c - Conjure Flame                  Conjuration/Fire             3
   d - Inner Flame                    Hexes/Fire                   3
   e - Sticky Flame                   Conjuration/Fire             4
   f - Fireball                       Conjuration/Fire             5
   Trog disapproves of the use of such an item.
Comestibles
 c - 4 bread rations
 q - 2 chunks of flesh
 D - 8 fruits


   Skills:
 + Level 8.0 Fighting
 * Level 10.6 Polearms
 + Level 7.2 Armour
 - Level 2.1 Dodging


You had 8 spell levels left.
You didn't know any spells.

Dungeon Overview and Level Annotations

Branches:
Dungeon (7/15)             Temple (0/1) D:7

Altars:
Cheibriados
Dithmenos
Elyvilon
Nemelex Xobeh
Okawaru
Pakellas
Ru
Sif Muna
Yredelemnul
Zin
The Shining One

Shops:
D:4 *


Innate Abilities, Weirdness & Mutations

You reflexively headbutt those who attack you in melee.
You have a pair of horns on your head.
You are partially covered in icy blue scales (AC +1).
You are somewhat resistant to further mutation.


Message History

There is an open door here.
You see here 2 tomahawks of returning.
Cornered, the gnoll turns to fight!
The gnoll hits you but does no damage.
The gnoll hits you with a halberd of electrocution!
* * * LOW HITPOINT WARNING * * *
You are electrocuted!
* * * LOW HITPOINT WARNING * * *
Cornered, the gnoll turns to fight!
The gnoll hits you but does no damage.
The kobold shouts!
The kobold throws a tomahawk of returning.
The tomahawk of returning closely misses you.
The weapon returns to the kobold!
The gnoll hits you from afar with a halberd of electrocution!
* * * LOW HITPOINT WARNING * * *
The kobold throws a tomahawk of returning.
The tomahawk of returning hits you but does no damage.
The weapon returns to the kobold!
The gnoll hits you but does no damage.
You are electrocuted!
You die...

### ### #####
#K###.###.'(#
##'##g##(###'#
##(@..)## gK
###....(###
g..
#.g(.∩..((#
⌠..
###(....### ..
##....÷# .
##'##'##'#
#.###.# #.#
### ### ###
#g#


You could see 2 gnolls and a kobold.

Vanquished Creatures
  The ghost of Krovax the Slasher, a novice HuCK of Xom (D:6)
  The ghost of Kloppie the Poker, an amateur MiBe of Trog (D:4)
  Duvessa (D:6)
  An orc warrior (D:6)
  A phantom (D:4)
  An ice beast (D:6)
  A centaur (D:5)
  The ghost of Howlingfantods the Skirmisher, an amateur TeBe of Trog (D:3)
  Dowan (D:6)
  A scorpion (D:4)
  A water moccasin skeleton (D:6)
  4 killer bees (D:7)
  A crimson imp (D:6)
  A jelly (D:5)
  An orc priest (D:5)
  An iron imp (D:7)
  4 orc wizards
  An iguana (D:7)
  3 worker ants
  A hound skeleton (D:6)
  3 gnolls (Bailey)
  8 adders
  2 shadow imps
  4 dart slugs (D:3)
  8 giant geckos
  19 orcs
  4 giant cockroaches
  6 goblins
  11 hobgoblins
  5 quokkas
  4 bats
  4 giant newts
  A jackal zombie (D:7)
  9 kobolds
  8 rats
124 creatures vanquished.

Notes
Turn   | Place    | Note
--------------------------------------------------------------
     0 | D:1      | Kloppie the Minotaur Berserker began the quest for the Orb.
     0 | D:1      | Reached XP level 1. HP: 19/19 MP: 0/0
   317 | D:1      | Reached XP level 2. HP: 27/27 MP: 1/1
   465 | D:1      | Reached skill level 4 in Polearms
   919 | D:2      | Reached XP level 3. HP: 33/33 MP: 2/2
   933 | D:2      | Found an oddly glowing altar of Pakellas.
   990 | D:2      | Found a glowing golden altar of the Shining One.
  1160 | D:2      | Reached ** piety under Trog
  1363 | D:2      | Reached skill level 5 in Polearms
  1363 | D:2      | Reached XP level 4. HP: 26/41 MP: 3/3
  1785 | D:3      | Found a faded altar to an unknown god.
  1857 | D:3      | Noticed Howlingfantods's ghost (amateur TeBe)
  1873 | D:3      | Killed Howlingfantods's ghost
  1873 | D:3      | Reached XP level 5. HP: 47/47 MP: 4/4
  1915 | D:3      | Found an iron altar of Okawaru.
  2011 | D:3      | Reached skill level 5 in Fighting
  2220 | D:3      | Found a white marble altar of Elyvilon.
  2227 | D:3      | Found a glowing silver altar of Zin.
  2228 | D:3      | Found a shadowy altar of Dithmenos.
  2229 | D:3      | Found a sacrificial altar of Ru.
  2287 | D:4      | Noticed Kloppie's ghost (amateur MiBe)
  2293 | D:4      | Killed Kloppie's ghost
  2293 | D:4      | Reached skill level 6 in Polearms
  2293 | D:4      | Reached XP level 6. HP: 56/56 MP: 5/5
  2353 | D:4      | Found a basalt altar of Yredelemnul.
  2422 | D:4      | Found Plog's General Store.
  2444 | D:4      | Bought a potion of degeneration for 14 gold pieces
  2444 | D:4      | Bought a potion of heal wounds for 70 gold pieces
  2444 | D:4      | Bought a scroll of identify for 28 gold pieces
  2490 | D:4      | Reached skill level 7 in Polearms
  2557 | D:4      | Reached XP level 7. HP: 55/62 MP: 6/6
  2868 | D:4      | Reached skill level 5 in Armour
  2887 | D:5      | Entered Level 5 of the Dungeon
  2911 | D:5      | Found a deep blue altar of Sif Muna.
  2911 | D:5      | Found a sparkling altar of Nemelex Xobeh.
  3080 | D:5      | Reached *** piety under Trog
  3089 | D:5      | Reached skill level 8 in Polearms
  3446 | D:6      | Gained mutation: You are partially covered in icy blue scales (AC +1). [potion of beneficial mutation]
  3447 | D:6      | Gained mutation: You are somewhat resistant to further mutation. [potion of beneficial mutation]
  3527 | D:6      | Noticed Krovax's ghost (novice HuCK)
  3545 | D:6      | Paralysed by Krovax's ghost for 3 turns
  3549 | D:6      | Killed Krovax's ghost
  3549 | D:6      | Reached skill level 9 in Polearms
  3549 | D:6      | Reached XP level 8. HP: 71/71 MP: 7/7
  3964 | D:6      | Noticed Dowan
  3965 | D:6      | Noticed Duvessa
  3977 | D:6      | Killed Duvessa
  3983 | D:6      | Killed Dowan
  3990 | D:6      | Reached skill level 10 in Polearms
  4194 | D:7      | Found a snail-covered altar of Cheibriados.
  4255 | D:7      | Found a staircase to the Ecumenical Temple.
  4485 | D:7      | Found a flagged portal.
  4498 | Bailey   | Entered a bailey
  4538 | Bailey   | Reached XP level 9. HP: 47/81 MP: 8/8
  4639 | Bailey   | Demolished by a gnoll

Skill      XL: |  1  2  3  4  5  6  7  8  9 |
---------------+----------------------------+-----
Polearms       | 4 5 6 7 9 10 | 10.6
Fighting       | 4 5 6 7 8 |  8.0
Armour         | 3 4 6 7 |  7.2
Dodging        | |  2.1

Action                   |  1- 3 |  4- 6 |  7- 9 || total
-------------------------+-------+-------+-------++-------
Melee: Spear             |    89 |    94 |   221 ||   404
       Headbutt          |     7 |    14 |    34 ||    55
Invok: Berserk           |       |     2 |     3 ||     5
       Trog's Hand       |       |     1 |     3 ||     4
  Use: Scroll            |       |     4 |    16 ||    20
       Potion            |       |       |     3 ||     3
 Stab: Sleeping          |     1 |       |       ||     1
  Eat: Chunk             |     1 |     6 |     5 ||    12
       Meat ration       |       |       |     1 ||     1
Armor: Animal skin       |     4 |       |       ||     4
       Ring mail         |    10 |     2 |       ||    12
       Scale mail        |       |     3 |       ||     3
       Chain mail        |       |    10 |    55 ||    65
       Plate armour      |       |       |    36 ||    36
Dodge: Dodged            |    28 |    19 |    56 ||   103
